Map: Abiogenesis LE

Players

Yakzer - Winner!

  • Race: Terran Terran
  • League: Silver
  • Spawn Location: 11:00

Infamous

  • Race: Protoss Protoss
  • League: Silver
  • Spawn Location: 5:00

VOD

Have the link to the VOD?

Description

Time

  • Played on: March 29, 2018, 3:17 p.m.
  • Length: 7:06
Show
View Real Time Build Order
Export as new Build Order

Yakzer Terran - Winner!

Build Orders:  

Get SALT Encoding   

  12  0:01  SCV  
  13  0:17  Supply Depot  
  13  0:18  SCV  
  14  0:28  Supply Depot  
  14  0:44  Barracks  
  14  1:09  Refinery  
  14  1:11  Refinery  
  14  1:12  SCV  
  15  1:24  SCV  
  16  1:36  SCV  
  17  1:47  Barracks, Barracks Tech Lab  
  17  1:48  SCV  
  18  1:58  Barracks  
  18  2:00  SCV  
  19  2:12  SCV  
  19  2:13  Combat Shields  
  20  2:20  Marine  
  21  2:24  SCV  
  22  2:36  SCV  
  23  2:38  Barracks Reactor  
  23  2:41  Marine  
  24  2:51  Supply Depot  
  24  2:55  Barracks Reactor  
  24  2:59  Marine  
  25  3:10  Orbital Command  
  25  3:17  Marine  
  26  3:21  Marine  
  26  3:22  Marine  
  28  3:31  Marine x2  
  30  3:35  Marine  
  30  3:39  Marine  
  30  3:40  Marine  
  33  3:48  Supply Depot, Marine  
  33  3:49  Marine  
  33  3:52  Marine  
  36  4:00  Marine x2  
  38  4:06  Marine  
  38  4:09  Marine  
  40  4:11  Marine  
  40  4:15  Supply Depot  
  41  4:17  Marine  
  41  4:19  Marine  
  43  4:24  Marine  
  43  4:27  Marine  
  43  4:29  Marine  
  46  4:35  Marine  
  46  4:37  Marine  
  48  4:42  Marine  
  48  4:45  Marine  
  50  4:46  Marine  
  51  4:53  Marine  
  51  4:56  Supply Depot  
  51  4:58  Marine  
  53  5:06  Marine x2  
  55  5:07  Marine  
  54  5:28  Marine x5  
  59  5:46  Marine x5  
  59  5:49  Supply Depot  
Show
View Real Time Build Order
Export as new Build Order

Infamous Protoss 

Build Orders:  

Get SALT Encoding   

  12  0:05  Probe (Chrono Boost)  
  13  0:16  Pylon  
  13  0:19  Probe (Chrono Boost)  
  14  0:29  Probe  
  15  0:35  Gateway  
  15  0:41  Probe  
  16  0:53  Assimilator  
  16  0:54  Probe  
  17  1:20  Probe (Chrono Boost)  
  17  1:22  Cybernetics Core  
  18  1:32  Probe (Chrono Boost)  
  19  1:39  Pylon  
  19  1:41  Probe (Chrono Boost)  
  19  1:43  Pylon  
  20  1:52  Probe  
  20  1:53  Warp Gate (Chrono Boost)  
  22  2:09  Assimilator  
  22  2:13  Probe  
  22  2:17  Gateway  
  22  2:24  Adept  
  22  2:26  Robotics Facility  
  22  2:27  Probe  
  25  2:43  Probe  
  26  2:47  Pylon  
  26  2:52  Stalker  
  26  2:55  Probe  
  29  3:01  Twilight Council  
  29  3:09  Probe  
  30  3:15  Observer  
  31  3:22  Probe  
  32  3:37  Charge  
  32  3:42  Pylon  
  32  3:48  Stalker x2  
  36  4:01  Probe  
  37  4:04  Immortal  
  41  4:18  Gateway  
  41  4:19  Gateway  
  41  4:22  Gateway  
  41  4:26  Pylon  
  41  4:29  Stalker  
  43  4:33  Adept  
  45  4:53  Sentry  
  47  5:09  Probe  
  46  5:16  Nexus, Robotics Bay  
  36  5:35  Probe  
  36  5:39  Stalker  
  36  5:40  Stalker  
  36  5:41  Forge  
  41  5:48  Probe  
  42  5:55  Zealot x2  
  32  6:05  Zealot  
  34  6:14  Pylon  
  34  6:16  Gateway, Disruptor (Chrono Boost)  
  37  6:23  Adept  
  39  6:38  Gateway  
  39  6:40  Zealot  
Tags
 
Add a new tag
Caveats
  • Supply blocks, unpowered buildings, or Contaminate may cause inaccurate times.
  • Supply counts are checked every 10 seconds.